 Dungeon Crawl Stone Soup version 0.25-a0-110-ge29c8f2358 (webtiles) character file.

Game seed: 2269233538298543817, levelgen mode: deterministic

6476 Leeroy the Slasher (level 10, -7/83 HPs)
             Began as a White Draconian Skald on Nov 19, 2019.
             Was a High Priest of Okawaru.
             Mangled by an efreet
             ... wielding a +4 scimitar of flaming
              (15 damage)
             ... on level 9 of the Dungeon.
             The game lasted 00:46:53 (14921 turns).

Leeroy the Slasher (White Draconian Skald)         Turns: 14921, Time: 00:46:54

Health: -7/83      AC:  8    Str: 14    XL:     10   Next: 68%
Magic:  8/14       EV: 14    Int: 14    God:    Okawaru [*****.]
Gold:   696        SH:  0    Dex: 13    Spells: 0/15 levels left

rFire    + + .     SeeInvis .   U - +2 long sword (freeze)
rCold    + . .     Gourm    .   (no shield)
rNeg     . . .     Faith    .   (armour unavailable)
rPois    +         Spirit   .   (helmet restricted)
rElec    +         Reflect  .   M - +0 cloak
rCorr    +         Harm     .   (no gloves)
MR       .....                  (no boots)
Stlth    +++.......             X - amulet of magic regeneration
HPRegen  0.23/turn              N - ring of fire
MPRegen  0.39/turn              (no ring)

@: short of breath, resistant, finesse
A: breathe frost, unfitting armour, cold resistance 1, cold-blooded, AC +7
a: Breathe Frost, Heroism, Finesse, Renounce Religion


You were on level 9 of the Dungeon.
You worshipped Okawaru.
Okawaru was extremely pleased with you.
You were hungry.

You visited 2 branches of the dungeon, and saw 10 of its levels.
You also visited: Bailey.

You collected 696 gold pieces.

Inventory:

Hand Weapons
 t - a +0 dagger
 B - a +1 short sword of venom
 D - a +1 spear of piercing
 I - a +0 scimitar
 U - a +2 long sword of freezing (weapon)
Missiles
 b - 364 stones
 d - 5 javelins (quivered)
 j - a throwing net
 m - 8 atropa-tipped darts
 r - 128 sling bullets
 G - 45 poisoned darts
 H - 3 curare-tipped darts
Armour
 z - a +0 buckler
 M - a +0 cloak (worn)
Jewellery
 e - a cursed amulet of inaccuracy
 o - an uncursed ring of ice
 N - a ring of fire (left hand)
 X - an amulet of magic regeneration (around neck)
Wands
 C - a wand of enslavement (10)
 E - a wand of paralysis (10)
 L - a wand of flame (36)
 W - a wand of polymorph (10)
 Y - a wand of random effects (22)
Scrolls
 a - 2 scrolls of identify
 f - 2 scrolls of magic mapping
 g - 7 scrolls of remove curse
 i - 2 scrolls of fear
 n - a scroll of blinking {unknown}
 q - a scroll of immolation {unknown}
 v - a scroll of acquirement {unknown}
 w - 2 scrolls of random uselessness {unknown}
 y - 3 scrolls of amnesia {unknown}
 F - a scroll of teleportation {unknown}
 J - 2 scrolls of fog {unknown}
 O - 2 scrolls of enchant armour {unknown}
 R - a scroll of enchant weapon {unknown}
Potions
 h - 2 potions of ambrosia {unknown}
 l - 5 potions of curing
 p - 5 potions of degeneration {unknown}
 s - a potion of haste
 u - a potion of flight {unknown}
 x - a potion of agility {unknown}
 K - a potion of mutation {unknown}
 S - a potion of might {unknown}
 T - a potion of magic {unknown}
 V - a potion of brilliance {unknown}
 Z - 2 potions of berserk rage {unknown}
Miscellaneous
 k - a sack of spiders
 A - a phantom mirror
Comestibles
 c - 15 rations


   Skills:
 - Level 6.3 Fighting
 + Level 7.9 Long Blades
 - Level 5.2 Dodging
 - Level 5.2 Stealth
 - Level 3.1 Spellcasting
 - Level 5.7 Conjurations
 - Level 5.1 Hexes
 - Level 5.1 Charms
 - Level 0.1 Necromancy
 - Level 4.0 Ice Magic
 - Level 3.1 Invocations


You couldn't memorise any spells.
You knew the following spells:

 Your Spells              Type           Power        Failure   Level  Hunger
a - Infusion              Chrm           ###.         2%          1    #......
b - Spectral Weapon       Hex/Chrm       ###.....     8%          3    ###....
c - Regeneration          Chrm/Necr      #.........   22%         3    ###....
d - Confuse               Hex            ###.....     8%          3    ###....
e - Ensorcelled Hibernat  Hex/Ice        ###...       4%          2    ##.....
f - Dazzling Spray        Conj/Hex       ###...       7%          3    ###....

Your spell library contained the following spells:

 Spells                   Type           Power        Failure   Level  Hunger
 Corona                   Hex            ###....      2%          1    #......
 Song of Slaying          Chrm           ###.....     3%          2    ##.....
 Flame Tongue             Conj/Fire      ###..        7%          1    #......
 Tukima's Dance           Hex            ###.....     8%          3    ###....
 Throw Flame              Conj/Fire      ###...       10%         2    ##.....
 Shroud of Golubria       Chrm/Tloc      #.....       11%         2    ##.....
 Conjure Flame            Conj/Fire      ###.....     21%         3    ###....
 Inner Flame              Hex/Fire       ##......     22%         3    ###....
 Sticky Flame             Conj/Fire      ###.....     54%         4    #####..
 Fireball                 Conj/Fire      ###.......   88%         5    ######.


Dungeon Overview and Level Annotations

Branches:
Dungeon (9/15)             Temple (1/1) D:5            Lair (0/6) D:9
 Bailey (visited)
    Orc: D:9-12

Altars:
Ashenzari
Cheibriados
Dithmenos
Elyvilon
Fedhas
Gozag
Hepliaklqana
Kikubaaqudgha
Makhleb
Nemelex Xobeh
Okawaru
Qazlal
Ru
Sif Muna
Trog
Uskayaw
Vehumet
Wu Jian
Xom
Yredelemnul
Zin
The Shining One

Shops:
D:7 :


Innate Abilities, Weirdness & Mutations

You can breathe waves of freezing cold.
You can buffet flying creatures when you breathe cold.
Your icy white scales are hard. (AC +7)
You cannot fit into any form of body armour.
Your flesh is cold resistant. (rC+)
You are cold-blooded and may be slowed by cold attacks.


Message History

You catch the helpless efreet completely off-guard!
You slash the efreet! You freeze the efreet.
The efreet is moderately wounded.
The efreet closely misses you.
You hit the efreet but do no damage.
The efreet is moderately wounded.
You catch the helpless efreet completely off-guard!
You hit the efreet but do no damage.
Your tail-slap misses the efreet.
The efreet is moderately wounded.
You hit the efreet. You freeze the efreet.
The efreet is heavily wounded.
The efreet seems less confused.
The efreet hits you with a +4 scimitar of flaming!
* * * LOW HITPOINT WARNING * * *
The efreet burns you.
* * * LOW HITPOINT WARNING * * *
As you read the scroll of fear, it crumbles to dust.
You assume a fearsome visage.
The efreet is unaffected.
The efreet hits you with a +4 scimitar of flaming!
You die...

.# #...........#...#......# .#
#...........##.##......# .#
#............#.#.......# .#
####............#'#.......# .#
#................#........#
.###................#........#
...........[.................####
.................R...............
..........[[)...@................
........................#########
........................# #
...............<.###....# #
..#####..........# #....# ..#
#.......#### ###### #.# #.......#
### #########


You could see an efreet.

Vanquished Creatures
  Maurice (D:8)
  A hornet (D:8)
  A yak (D:9)
  Eustachio (D:5)
  Grum (D:8)
  12 orc warriors
  6 ogres
  3 sky beasts
  2 black bears
  10 centaurs
  3 wolves (D:7)
  A crocodile (D:9)
  A big kobold (D:8)
  6 bullfrogs
  A water moccasin skeleton (D:4)
  3 scorpions
  5 killer bees (D:7)
  5 wights (D:7)
  A howler monkey (D:6)
  4 crimson imps
  A centaur zombie (D:6)
  A centaur skeleton (D:8)
  2 orc priests (D:9)
  A gnoll shaman (D:8)
  5 hounds
  A jelly (D:5)
  5 orc wizards
  A bullfrog skeleton (D:9)
  2 iguanas
  Terence (D:3)
  Natasha (thrice) (D:4)
  5 worker ants
  A killer bee zombie (D:5)
  A hound zombie (D:5)
  A hound skeleton (D:6)
  2 worker ant zombies
  4 gnolls (D:8)
  8 adders
  An adder zombie (D:4)
  An adder skeleton (D:6)
  4 worms
  A dart slug (D:1)
  10 leopard geckos
  40 orcs
  2 bat zombies (D:4)
  2 giant cockroaches
  18 goblins
  17 hobgoblins
  16 jackals
  6 quokkas
  7 bats
  4 frilled lizards
  A jackal zombie (D:5)
  10 kobolds
  A leopard gecko zombie (D:5)
  A quokka skeleton (D:6)
  14 rats
  2 rat zombies (D:4)
271 creatures vanquished.

Vanquished Creatures (others)
  A spectral weapon (D:9)
1 creature vanquished.

Grand Total: 272 creatures vanquished

Notes
Turn   | Place    | Note
-------+----------+-------------------------------------------
     0 | D:1      | Leeroy the Draconian Skald began the quest for the Orb.
     0 | D:1      | Reached XP level 1. HP: 17/17 MP: 3/3
   391 | D:1      | Reached XP level 2. HP: 24/24 MP: 5/5
   506 | D:1      | Reached skill level 3 in Long Blades
   680 | D:1      | Reached XP level 3. HP: 17/29 MP: 6/6
  1547 | D:2      | Reached skill level 4 in Long Blades
  1741 | D:2      | Reached XP level 4. HP: 24/36 MP: 7/7
  2665 | D:3      | Noticed Terence
  2678 | D:4      | Noticed an ogre
  2716 | D:2      | Learned a level 3 spell: Spectral Weapon
  2720 | D:2      | Learned a level 3 spell: Regeneration
  2730 | D:3      | Killed Terence
  2730 | D:3      | Reached skill level 5 in Long Blades
  2816 | D:3      | Reached XP level 5. HP: 40/41 MP: 8/8
  3258 | D:3      | Noticed a moth of wrath
  3261 | D:3      | Found a bloodstained altar of Trog.
  3547 | D:4      | Killed an ogre
  3547 | D:4      | Reached skill level 6 in Long Blades
  3547 | D:4      | Reached XP level 6. HP: 17/48 MP: 5/9
  3827 | D:4      | Found an ancient bone altar of Kikubaaqudgha.
  3972 | D:4      | Noticed Natasha
  3983 | D:4      | Killed Natasha
  3996 | D:4      | Noticed Natasha
  4003 | D:4      | Killed Natasha
  4003 | D:4      | Reached skill level 7 in Long Blades
  4131 | D:4      | Noticed Natasha
  4139 | D:4      | Killed Natasha
  4139 | D:4      | Reached skill level 1 in Hexes
  4310 | D:5      | Entered Level 5 of the Dungeon
  4376 | D:5      | Noticed a sky beast
  4648 | D:5      | Killed a sky beast
  4648 | D:5      | Your scales start taking on an icy white colour.
  4648 | D:5      | Reached XP level 7. HP: 14/55 MP: 7/10
  4648 | D:5      | Gained mutation: Your flesh is cold resistant. (rC+) [White
                  | Draconian growth]
  4945 | D:5      | Found a staircase to the Ecumenical Temple.
  4992 | Temple   | Entered the Ecumenical Temple
  5264 | Temple   | Became a worshipper of Warmaster Okawaru
  5324 | D:5      | Noticed Eustachio
  5330 | D:5      | Killed Eustachio
  5356 | D:5      | Reached skill level 5 in Hexes
  5767 | D:5      | Reached XP level 8. HP: 57/63 MP: 11/11
  5840 | D:5      | Found a burning altar of Makhleb.
  5840 | D:5      | Found a faded altar of an unknown god.
  5845 | D:5      | Found a hazy altar of Hepliaklqana.
  5847 | D:5      | Found a stormy altar of Qazlal.
  5849 | D:5      | Found a radiant altar of Vehumet.
  6402 | D:6      | Reached skill level 5 in Fighting
  6523 | D:6      | Found a glowing golden altar of the Shining One.
  6523 | D:6      | Found a glowing silver altar of Zin.
  6524 | D:6      | Found a white marble altar of Elyvilon.
  6694 | D:6      | Found a shattered altar of Ashenzari.
  6752 | D:6      | Reached * piety under Okawaru
  7319 | D:7      | Reached skill level 1 in Stealth
  7674 | D:7      | Found a basalt altar of Yredelemnul.
  7799 | D:7      | Found a bloodstained altar of Trog.
  7912 | D:7      | Found Soheyxosch's Book Shop.
  7949 | D:7      | Found an ornate altar of the Wu Jian Council.
  7983 | D:8      | Noticed Grum
  8467 | D:7      | Reached skill level 5 in Stealth
  8467 | D:7      | Reached XP level 9. HP: 69/75 MP: 12/12
  8571 | D:7      | Reached ** piety under Okawaru
  9161 | D:7      | HP: 3/75 [poisoned by a killer bee]
  9167 | D:7      | HP: 2/75 [poisoned by a killer bee]
  9175 | D:7      | HP: 2/75 [poisoned by a killer bee]
 10021 | D:8      | Killed Grum
 10088 | D:8      | Reached skill level 5 in Dodging
 10209 | D:8      | Found an opulent altar of Gozag.
 10254 | D:8      | Learned a level 3 spell: Confuse
 10257 | D:8      | Learned a level 2 spell: Ensorcelled Hibernation
 10340 | D:8      | Noticed Maurice
 10360 | D:8      | Killed Maurice
 10437 | D:8      | Reached *** piety under Okawaru
 10491 | D:8      | Reached skill level 5 in Charms
 10552 | D:8      | Paralysed by a hornet for 3 turns
 11321 | D:9      | Reached XP level 10. HP: 45/83 MP: 12/14
 11350 | D:9      | Found a flagged portal.
 11366 | Bailey   | Entered a bailey
 11380 | Bailey   | Learned a level 3 spell: Dazzling Spray
 11388 | Bailey   | Reached skill level 1 in Conjurations
 11841 | Bailey   | Reached **** piety under Okawaru
 13621 | Bailey   | Reached skill level 5 in Conjurations
 14294 | D:9      | Reached skill level 1 in Invocations
 14325 | D:9      | Found a staircase to the Lair.
 14339 | D:9      | Reached ***** piety under Okawaru
 14886 | D:9      | Noticed a catoblepas
 14886 | D:9      | Noticed a centaur warrior
 14921 | D:9      | Mangled by an efreet

Levels and vault maps discovered:
D:1:      dpeg_arrival_morbid_curiosity, layout_basic, minmay_misc_feat_columns
D:2:      layout_loops_ring, first_ration, minmay_goblin_outpost
D:3:      lemuel_upstairs_altar, layout_loops_ring, tgw_trog, uniq_terence
D:4:      layout_basic, lemuel_zombie_altar_kikubaaqudgha, uniq_natasha
D:5:      layout_loops_ring, chequers_temple_overflow_minitemple,
          minmay_temple_entry_water_ring, uniq_eustachio
D:6:      layout_basic, good_gods_temple_1, kennysheep_mini,
          serial_bayou_lagoon_a
D:7:      layout_basic, lemuel_coloured_pillars_altar, lemuel_doored_altar,
          overflow_temple_1_default, serial_shops, shop
D:8:      layout_loops_ring, grunt_gozag_statues, blue_anna_alchemist
          [blue_anna_fruit_fields, blue_anna_fruit_fields], uniq_grum,
          uniq_maurice
D:9:      minmay_the_grid_four_pointed_star_mashed
          [minmay_the_grid_triangle_9x9_intruding_spiral,
          minmay_the_grid_triangle_9x9_sparse_checkered,
          minmay_the_grid_triangle_9x9_pentomino_pain,
          minmay_the_grid_triangle_9x9_warning,
          minmay_the_grid_prize_four_corners_diamond_b], layout_irregular_city,
          due_lair_maze_entry_diamond, erik_orc_1, enter_bailey_1,
          serial_park_tiny_1
Temple:   compressed_dpeg_triangle_lava_temple

Skill      XL: |  1  2  3  4  5  6  7  8  9 10 |
---------------+-------------------------------+-----
Long Blades    | 3 4 5 6 7 |  7.9
Hexes          | 2 5 |  5.1
Fighting       | 3 6 |  6.3
Stealth        | 5 |  5.2
Dodging        | 5 |  5.2
Charms         | 5 |  5.1
Ice Magic      | 4 |  4.0
Spellcasting   | 3 |  3.1
Conjurations   | 5 |  5.7
Invocations    | 3 |  3.1
Necromancy     | |  0.1

Action                   |  1- 3 |  4- 6 |  7- 9 | 10-12 || total
-------------------------+-------+-------+-------+-------++-------
Melee: Falchion          |   126 |   221 |       |       ||   347
       Tailslap          |    16 |    35 |    46 |    29 ||   126
       Scimitar          |       |    14 |   137 |       ||   151
       Long sword        |       |       |   175 |   172 ||   347
       Dagger            |       |       |     6 |     1 ||     7
       Spear             |       |       |       |    10 ||    10
Throw: Stone             |       |     6 |       |   114 ||   120
       Dart              |       |       |     5 |    10 ||    15
       Throwing net      |       |       |     1 |       ||     1
       Boomerang         |       |       |       |    53 ||    53
       Javelin           |       |       |       |    12 ||    12
 Cast: Infusion          |     1 |       |       |       ||     1
       Spectral Weapon   |       |     6 |     9 |     2 ||    17
       Regeneration      |       |     3 |     4 |     4 ||    11
       Ensorcelled Hiber |       |       |    19 |     7 ||    26
       Confuse           |       |       |     2 |    10 ||    12
       Dazzling Spray    |       |       |       |    30 ||    30
Invok: Finesse           |       |       |       |     1 ||     1
 Abil: Breathe Frost     |       |       |     2 |     1 ||     3
Evoke: Wand              |       |       |     3 |       ||     3
  Use: Scroll            |       |     3 |    11 |     1 ||    15
       Potion            |       |       |     6 |     1 ||     7
 Stab: Sleeping          |     1 |     1 |    11 |     2 ||    15
       Confused          |       |       |     2 |     3 ||     5
       Invisible         |       |       |       |     2 ||     2
       Distracted        |       |       |       |     1 ||     1
  Eat: Chunk             |     3 |    10 |    15 |    12 ||    40
       Ration            |       |       |     3 |     2 ||     5
Armor: Skin              |    49 |    59 |   111 |    48 ||   267
Dodge: Dodged            |   107 |   149 |   234 |   230 ||   720
       Rpst.: Falchion   |    33 |    45 |       |       ||    78
       Scimitar          |       |    11 |    32 |       ||    43
       Long sword        |       |       |    51 |    41 ||    92

Table legend:
 A = Non-vault XP
 B = Vault XP
 C = Vault XP percentage of total XP
 D = Non-vault monster count
 E = Vault monster count
 F = Vault count percentage of total count
                 A         B        C        D         E       F
            +---------+---------+-------+---------+---------+-------
      Total |    4716 |    4536 |  49.0 |     188 |      83 |  30.6
            +---------+---------+-------+---------+---------+-------
        D:1 |      56 |       9 |  13.8 |      32 |       5 |  13.5
        D:2 |      57 |      26 |  31.3 |      19 |      13 |  40.6
        D:3 |      68 |      48 |  41.4 |      17 |       6 |  26.1
        D:4 |     360 |      41 |  10.2 |      14 |       5 |  26.3
        D:5 |     598 |     202 |  25.2 |      20 |       1 |   4.8
        D:6 |     586 |       0 |   0.0 |      16 |       0 |   0.0
        D:7 |    1027 |     351 |  25.5 |      18 |       3 |  14.3
        D:8 |    1179 |     755 |  39.0 |      31 |       3 |   8.8
        D:9 |     785 |     873 |  52.7 |      21 |       8 |  27.6
     Bailey |       0 |    2231 | 100.0 |       0 |      39 | 100.0
            +---------+---------+-------+---------+---------+-------
